TOP OF THE 1ST |
Pittsburgh Kingfishers batting - Pitching for Boston Patriots : RHP Bob Hollingsworth
|
Pitching: RHP Bob Hollingsworth
|
|
Batting: RHB Alohinani Puanani
|
0-0: Foul Ball, location: 2F 0-1: Foul Ball, location: 2F 0-2: Strikes out swinging
|
Batting: RHB Shuan-yan Bu
|
0-0: Ball 1-0: Called Strike 1-1: Ball 2-1: Ball 3-1: Foul Ball, location: 2F 3-2: SINGLE (Flyball, 8RS, EV 91.2 MPH)
|
Batting: LHB Martín Flores
|
0-0: Called Strike 0-1: Ball 1-1: Grounds into double play, 4-6-3 (Groundball, 4, EV 86.2 MPH)
|
Top of the 1st over - 0 runs, 1 hit, 0 errors, 0 left on base; Pittsburgh 0 - Boston 0 |
BOTTOM OF THE 1ST |
Boston Patriots batting - Pitching for Pittsburgh Kingfishers : RHP António Haritos
|
Pitching: RHP António Haritos
|
|
Batting: LHB Juan Andrés Martí
|
0-0: Ball 1-0: Ball 2-0: Called Strike 2-1: Ball 3-1: Foul Ball, location: 2F 3-2: Base on Balls
|
Batting: LHB Trent Conner
|
0-0: Ball 1-0: DOUBLE (Line Drive, 78D, EV 104.4 MPH) Juan Andrés Martí to third
|
Batting: LHB Addy Spoelstra
|
0-0: Called Strike 0-1: Called Strike 0-2: Foul Ball, location: 2F 0-2: Ball 1-2: SINGLE (Line Drive, 89S, EV 96.9 MPH) Juan Andrés Martí scores Trent Conner to third Runner from 3rd tries for Home, SAFE, throw by RF to home
|
Batting: RHB Ángel Torrez
|
0-0: Ball 1-0: Swinging Strike 1-1: Ball 2-1: Foul Ball, location: 2F 2-2: Strikes out swinging
|
Batting: LHB Alex Williamson
|
0-0: Ball 1-0: Foul Ball, location: 2F 1-1: Swinging Strike 1-2: Foul Ball, location: 2F 1-2: Strikes out looking
|
Batting: LHB Vance Lee
|
0-0: Called Strike 0-1: Ball 1-1: Swinging Strike 1-2: Strikes out looking
|
Bottom of the 1st over - 2 runs, 2 hits, 0 errors, 1 left on base; Pittsburgh 0 - Boston 2 |
TOP OF THE 2ND |
Pittsburgh Kingfishers batting - Pitching for Boston Patriots : RHP Bob Hollingsworth
|
Batting: RHB Luis Pamparacuatro
|
0-0: Called Strike 0-1: Ball 1-1: Ground out 6-3 (Groundball, 6M, EV 88.1 MPH)
|
Batting: LHB Sébastien Guillaume
|
0-0: Ball 1-0: Ball 2-0: Foul Ball, location: 2F 2-1: Ball 3-1: Ground out 6-3 (Groundball, 6, EV 103.8 MPH)
|
Batting: RHB Ignacio Páez
|
0-0: Called Strike 0-1: Called Strike 0-2: Ball 1-2: Ball 2-2: Ball 3-2: SINGLE (Line Drive, 8RS, EV 91.2 MPH)
|
Batting: SHB Stanley Good
|
0-0: Ball 1-0: Ball 2-0: Ball 3-0: Called Strike 3-1: Foul Ball, location: 2F 3-2: Foul Ball, location: 2F 3-2: Foul Ball, location: 2F 3-2: Ground out 4-3 (Groundball, 4, EV 103.8 MPH)
|
Top of the 2nd over - 0 runs, 1 hit, 0 errors, 1 left on base; Pittsburgh 0 - Boston 2 |
BOTTOM OF THE 2ND |
Boston Patriots batting - Pitching for Pittsburgh Kingfishers : RHP António Haritos
|
Batting: RHB Matsuo Ino
|
0-0: Called Strike 0-1: Ball 1-1: Foul Ball, location: 2F 1-2: SINGLE (Line Drive, 9S, EV 103.1 MPH)
|
Batting: RHB Damon Bansfield
|
0-0: Ball 1-0: SINGLE (Line Drive, 89S, EV 95.0 MPH) Matsuo Ino to second
|
Batting: RHB Cédric Dumas
|
0-0: Called Strike 0-1: DOUBLE (Line Drive, 89M, EV 96.2 MPH) Matsuo Ino scores Damon Bansfield to third
|
Batting: LHB Juan Andrés Martí
|
0-0: Swinging Strike 0-1: Foul Ball, location: 2F 0-2: Fly out, F8 (Flyball, 8RM, EV 81.9 MPH) Runner from 3rd tags up, SCORES, throw by CF
|
Batting: LHB Trent Conner
|
0-0: Ground out 5-3 (Groundball, 5, EV 82.5 MPH)
|
Batting: LHB Addy Spoelstra
|
0-0: Ball 1-0: Ball 2-0: Called Strike 2-1: Ball 3-1: Base on Balls
|
Batting: RHB Ángel Torrez
|
0-0: Ball 1-0: Ball 2-0: Ball 3-0: Called Strike 3-1: 3-RUN HOME RUN (Flyball, 7D, EV 96.9 MPH), Distance : 382 ft
|
Pitching: LHP Eugene Kelly
|
|
Batting: LHB Alex Williamson
|
0-0: Fly out, F8 (Line Drive, 8RM, EV 104.4 MPH)
|
Bottom of the 2nd over - 5 runs, 4 hits, 0 errors, 0 left on base; Pittsburgh 0 - Boston 7 |
TOP OF THE 3RD |
Pittsburgh Kingfishers batting - Pitching for Boston Patriots : RHP Bob Hollingsworth
|
Batting: LHB Todd Hunter
|
0-0: Ball 1-0: Ball 2-0: Ball 3-0: Called Strike 3-1: Base on Balls
|
Batting: RHB Bastien Oudin
|
0-0: Called Strike Todd Hunter steals 2nd base 0-1: Ball 1-1: Foul Ball, location: 2F 1-2: Ground out 5-3 (Groundball, 56S, EV 65.6 MPH) Todd Hunter to third
|
Batting: RHB Alohinani Puanani
|
0-0: Ball 1-0: Called Strike 1-1: Foul Ball, location: 2F 1-2: Ground out 1-3 (Groundball, P, EV 70.0 MPH)
|
Batting: RHB Shuan-yan Bu
|
0-0: Ball 1-0: Foul Ball, location: 2F 1-1: Fly out, F8 (Flyball, 78XD, EV 100.0 MPH)
|
Top of the 3rd over - 0 runs, 0 hits, 0 errors, 1 left on base; Pittsburgh 0 - Boston 7 |
BOTTOM OF THE 3RD |
Boston Patriots batting - Pitching for Pittsburgh Kingfishers : LHP Eugene Kelly
|
Batting: LHB Vance Lee
|
0-0: Ball 1-0: Ball 2-0: Called Strike 2-1: Ball 3-1: DOUBLE (Flyball, 8LXD, EV 114.4 MPH)
|
Batting: RHB Matsuo Ino
|
0-0: SINGLE (Groundball, 56S, EV 72.5 MPH) (infield hit) Vance Lee to third
|
Batting: RHB Damon Bansfield
|
0-0: Ball 1-0: Foul Ball, location: 2F 1-1: SINGLE (Groundball, 34D, EV 107.5 MPH) Vance Lee scores Matsuo Ino to second Runner from 2nd tries for 3rd, SAFE, throw by RF made to third
|
Batting: RHB Cédric Dumas
|
0-0: Grounds into double play, 6-4-3 (Groundball, 6M, EV 86.9 MPH) Matsuo Ino scores
|
Batting: LHB Juan Andrés Martí
|
0-0: Ball 1-0: Ball 2-0: Called Strike 2-1: Ball 3-1: Swinging Strike 3-2: Strikes out swinging
|
Bottom of the 3rd over - 2 runs, 3 hits, 0 errors, 0 left on base; Pittsburgh 0 - Boston 9 |
TOP OF THE 4TH |
Pittsburgh Kingfishers batting - Pitching for Boston Patriots : RHP Bob Hollingsworth
|
Batting: LHB Martín Flores
|
0-0: Ground out 4-3 (Groundball, 13, EV 84.4 MPH)
|
Batting: RHB Luis Pamparacuatro
|
0-0: Called Strike 0-1: Ball 1-1: DOUBLE (Line Drive, 7LM, EV 110.6 MPH)
|
Batting: LHB Sébastien Guillaume
|
0-0: Ball 1-0: Ground out 3-1 (Groundball, 34, EV 100.6 MPH) Luis Pamparacuatro to third
|
Batting: RHB Ignacio Páez
|
0-0: Fly out, F6 (Popup, 6MD, EV 66.2 MPH)
|
Top of the 4th over - 0 runs, 1 hit, 0 errors, 1 left on base; Pittsburgh 0 - Boston 9 |
BOTTOM OF THE 4TH |
Boston Patriots batting - Pitching for Pittsburgh Kingfishers : LHP Eugene Kelly
|
Batting: LHB Trent Conner
|
0-0: Called Strike 0-1: Ball 1-1: Foul Ball, location: 2F 1-2: Foul Ball, location: 2F 1-2: Ball 2-2: Ball 3-2: Ground out 1-3 (Groundball, 13S, EV 66.9 MPH)
|
Batting: LHB Addy Spoelstra
|
0-0: Ball 1-0: Ball 2-0: SINGLE (Flyball, 8RS, EV 92.5 MPH)
|
Batting: RHB Ángel Torrez
|
0-0: Ball 1-0: Ball 2-0: DOUBLE (Line Drive, 89M, EV 98.1 MPH) Addy Spoelstra to third Runner from 3rd tries for Home, SAFE, no throw by RF
|
Batting: LHB Alex Williamson
|
0-0: Fly out, F9 (Flyball, 89M, EV 86.2 MPH)
|
Batting: LHB Vance Lee
|
0-0: Ball 1-0: Foul Ball, location: 2F 1-1: Fly out, F8 (Flyball, 8LD, EV 91.2 MPH)
|
Bottom of the 4th over - 1 run, 2 hits, 0 errors, 1 left on base; Pittsburgh 0 - Boston 10 |
TOP OF THE 5TH |
Pittsburgh Kingfishers batting - Pitching for Boston Patriots : RHP Bob Hollingsworth
|
Batting: SHB Stanley Good
|
0-0: Ball 1-0: Foul Ball, location: 2F 1-1: Foul Ball, location: 2F 1-2: Ground out 6-3 (Groundball, 56, EV 87.5 MPH)
|
Batting: LHB Todd Hunter
|
0-0: Fly out, F8 (Flyball, 8RD, EV 103.1 MPH)
|
Batting: RHB Bastien Oudin
|
0-0: Called Strike 0-1: Ball 1-1: SINGLE (Groundball, 34D, EV 95.6 MPH)
|
Batting: RHB Alohinani Puanani
|
0-0: Foul Ball, location: 2F 0-1: Swinging Strike 0-2: Ball 1-2: Ball 2-2: Foul Ball, location: 2F 2-2: Foul Ball, location: 2F 2-2: SINGLE (Line Drive, 4M, EV 98.1 MPH) Bastien Oudin to second
|
Pitching: RHP Lung Zhou
|
|
Batting: RHB Shuan-yan Bu
|
0-0: Ground out 5-3 (Groundball, 56S, EV 67.5 MPH)
|
Top of the 5th over - 0 runs, 2 hits, 0 errors, 2 left on base; Pittsburgh 0 - Boston 10 |
BOTTOM OF THE 5TH |
Boston Patriots batting - Pitching for Pittsburgh Kingfishers : LHP Eugene Kelly
|
Batting: RHB Matsuo Ino
|
0-0: Ball 1-0: Ground out 5-3 (Groundball, 56, EV 92.5 MPH)
|
Batting: RHB Damon Bansfield
|
0-0: Called Strike 0-1: Fly out, F3 (Line Drive, 3, EV 66.2 MPH)
|
Batting: RHB Cédric Dumas
|
0-0: Ball 1-0: SINGLE (Line Drive, 9S, EV 97.5 MPH)
|
Batting: LHB Juan Andrés Martí
|
0-0: Called Strike 0-1: Ball 1-1: Foul Ball, location: 2F 1-2: Ball 2-2: Foul Ball, location: 2F 2-2: Foul Ball, location: 2F 2-2: Foul Ball, location: 2F 2-2: Ground out 4-3 (Groundball, 4, EV 99.4 MPH)
|
Bottom of the 5th over - 0 runs, 1 hit, 0 errors, 1 left on base; Pittsburgh 0 - Boston 10 |
TOP OF THE 6TH |
Pittsburgh Kingfishers batting - Pitching for Boston Patriots : RHP Lung Zhou
|
Batting: LHB Martín Flores
|
0-0: Called Strike 0-1: Ball 1-1: Foul Ball, location: 2F 1-2: Ball 2-2: Foul Ball, location: 2F 2-2: Foul Ball, location: 2F 2-2: Ball 3-2: Strikes out swinging
|
Batting: RHB Luis Pamparacuatro
|
0-0: Called Strike 0-1: Swinging Strike 0-2: Fly out, F8 (Flyball, 8RD, EV 100.6 MPH)
|
Batting: LHB Sébastien Guillaume
|
0-0: Foul Ball, location: 2F 0-1: Ball 1-1: Called Strike 1-2: Fly out, F7 (Flyball, 7D, EV 100.0 MPH)
|
Top of the 6th over - 0 runs, 0 hits, 0 errors, 0 left on base; Pittsburgh 0 - Boston 10 |
BOTTOM OF THE 6TH |
Boston Patriots batting - Pitching for Pittsburgh Kingfishers : LHP Eugene Kelly
|
Batting: LHB Trent Conner
|
0-0: Called Strike 0-1: Swinging Strike 0-2: Ground out 1-3 (Groundball, 34S, EV 61.9 MPH)
|
Batting: LHB Addy Spoelstra
|
0-0: Ball 1-0: Ball 2-0: Ground out U3 (Groundball, 3, EV 96.9 MPH)
|
Batting: RHB Ángel Torrez
|
0-0: Ground out 3-1 (Groundball, 34, EV 85.6 MPH)
|
Bottom of the 6th over - 0 runs, 0 hits, 0 errors, 0 left on base; Pittsburgh 0 - Boston 10 |
TOP OF THE 7TH |
Pittsburgh Kingfishers batting - Pitching for Boston Patriots : RHP Lung Zhou
|
Batting: RHB Ignacio Páez
|
0-0: Ball 1-0: Ground out 6-3 (Groundball, 6, EV 84.4 MPH)
|
Batting: SHB Stanley Good
|
0-0: Called Strike 0-1: Ball 1-1: Ball 2-1: Ball 3-1: Base on Balls
|
Batting: LHB Todd Hunter
|
0-0: Ball 1-0: Foul Ball, location: 2F 1-1: Foul Ball, location: 2F 1-2: DOUBLE (Line Drive, 3D, EV 95.0 MPH) Stanley Good to third
|
Pinch Hitting: LHB Gustavo Gonzáles
|
0-0: DOUBLE (Groundball, 3L, EV 103.8 MPH) Stanley Good scores Todd Hunter scores
|
Batting: RHB Alohinani Puanani
|
0-0: Called Strike 0-1: Ball 1-1: Swinging Strike 1-2: Strikes out looking
|
Pitching: LHP Jorge Gil
|
|
Batting: RHB Shuan-yan Bu
|
0-0: Ball 1-0: Ball 2-0: Ball 3-0: Called Strike 3-1: Foul Ball, location: 2F 3-2: Foul Ball, location: 2F 3-2: Reached on error, E5 (Groundball, 56S, EV 90.0 MPH) Gustavo Gonzáles scores
|
Batting: LHB Martín Flores
|
0-0: Swinging Strike 0-1: Ball 1-1: Ball 2-1: Foul Ball, location: 2F 2-2: Ball 3-2: Foul Ball, location: 2F 3-2: Strikes out looking
|
Top of the 7th over - 3 runs, 2 hits, 1 error, 1 left on base; Pittsburgh 3 - Boston 10 |
BOTTOM OF THE 7TH |
Boston Patriots batting - Pitching for Pittsburgh Kingfishers : LHP Eugene Kelly
|
Now at SS: Kyung-chul Son
|
|
Batting: LHB Alex Williamson
|
0-0: Ball 1-0: Ball 2-0: Ball 3-0: Called Strike 3-1: Base on Balls
|
Pitching: RHP Carl McCoy
|
|
Batting: LHB Vance Lee
|
0-0: Ball 1-0: Foul Ball, location: 2F 1-1: Swinging Strike 1-2: Ball 2-2: Strikes out swinging
|
Batting: RHB Matsuo Ino
|
0-0: Called Strike 0-1: Ground out 6-3 (Groundball, P, EV 84.4 MPH) Alex Williamson to second
|
Batting: RHB Damon Bansfield
|
0-0: Called Strike 0-1: Ball 1-1: Foul Ball, location: 2F 1-2: Ball 2-2: Foul Ball, location: 2F 2-2: Ground out 4-3 (Groundball, 4D, EV 105.6 MPH)
|
Bottom of the 7th over - 0 runs, 0 hits, 0 errors, 1 left on base; Pittsburgh 3 - Boston 10 |
TOP OF THE 8TH |
Pittsburgh Kingfishers batting - Pitching for Boston Patriots : LHP Jorge Gil
|
Pinch Hitting: LHB Wing-kit Ou-yang
|
0-0: Foul Ball, location: 2F 0-1: Foul Ball, location: 2F 0-2: Strikes out swinging
|
Batting: LHB Sébastien Guillaume
|
0-0: Called Strike 0-1: Foul Ball, location: 2F 0-2: Strikes out looking
|
Batting: RHB Ignacio Páez
|
0-0: Fly out, F3 (Popup, 3SF, EV 77.5 MPH)
|
Top of the 8th over - 0 runs, 0 hits, 0 errors, 0 left on base; Pittsburgh 3 - Boston 10 |
BOTTOM OF THE 8TH |
Boston Patriots batting - Pitching for Pittsburgh Kingfishers : RHP Carl McCoy
|
Now at 2B: Wing-kit Ou-yang
|
|
Batting: RHB Cédric Dumas
|
0-0: Called Strike 0-1: Fly out, F7 (Flyball, 7S, EV 86.2 MPH)
|
Batting: LHB Juan Andrés Martí
|
0-0: Foul Ball, location: 2F 0-1: Ball 1-1: Ground out U3 (Groundball, 3L, EV 80.0 MPH)
|
Batting: LHB Trent Conner
|
0-0: Ball 1-0: Foul Ball, location: 2F 1-1: Called Strike 1-2: Foul Ball, location: 2F 1-2: Foul Ball, location: 2F 1-2: Ball 2-2: Foul Ball, location: 2F 2-2: Foul Ball, location: 2F 2-2: Ball 3-2: Foul Ball, location: 2F 3-2: Fly out, F5 (Popup, 5SF, EV 73.1 MPH)
|
Bottom of the 8th over - 0 runs, 0 hits, 0 errors, 0 left on base; Pittsburgh 3 - Boston 10 |
TOP OF THE 9TH |
Pittsburgh Kingfishers batting - Pitching for Boston Patriots : LHP Jorge Gil
|
Batting: SHB Stanley Good
|
0-0: Foul Ball, location: 2F 0-1: Ball 1-1: Swinging Strike 1-2: Foul Ball, location: 2F 1-2: Strikes out swinging
|
Batting: LHB Todd Hunter
|
0-0: Ball 1-0: Ball 2-0: Ball 3-0: Ground out 5-3 (Groundball, 56, EV 93.8 MPH)
|
Batting: LHB Kyung-chul Son
|
0-0: Ball 1-0: Ball 2-0: Foul Ball, location: 2F 2-1: Ball 3-1: Called Strike 3-2: SINGLE (Line Drive, 78S, EV 111.9 MPH)
|
Batting: RHB Alohinani Puanani
|
0-0: Ball 1-0: Ground out 1-3 (Groundball, 23, EV 71.2 MPH)
|
Top of the 9th over - 0 runs, 1 hit, 0 errors, 1 left on base; Pittsburgh 3 - Boston 10 |
|